 Dungeon Crawl Stone Soup version 0.30-a0-29-g142975f185 (webtiles) character file.

Game seed: 13451772633323282498

66000 greasedhog the Gargoyle Cataclysm (level 15, 0/94 HPs)
             Began as a Gargoyle Fighter on Aug 27, 2022.
             Was a High Priest of Qazlal.
             Slain by a jumping spider (23 damage)
             ... on level 2 of the Lair of Beasts.
             The game lasted 00:29:52 (24621 turns).

greasedhog the Gargoyle Cataclysm (GrFi)           Turns: 24621, Time: 00:29:54

Health: 0/94       AC: 34    Str: 30    XL:     15   Next: 18%
Magic:  25/25      EV:  7    Int:  5    God:    Qazlal [*****.]
Gold:   590        SH: 14    Dex:  3    Spells: 14/14 levels left

rFire   + . .      SeeInvis +    b - +1 morningstar "Ublau" {speed, +Blink rPois Str+3 Dex-3}
rCold   . . .      Faith    .    z - +0 kite shield
rNeg    + . .      Spirit   .    v - +0 plate armour
rPois   ∞          Reflect  .    g - +0 helmet
rElec   +          Harm     .    O - +2 cloak
rCorr   +          Rampage  .    I - +0 pair of gloves
Will    +....                    m - +1 pair of boots
Stlth   ..........               P - amulet of regeneration
HPRegen 1.05/turn                M - ring of Dogma {rPois rF+ Dex-3 SInv}
MPRegen 0.19/turn                H - ring of the Sun {rPois rCorr Int-4 Slay+5 Stlth+}

@: about to teleport, flying, repel missiles
A: sickness immunity, AC +11, big wings, negative energy resistance 1,
electricity resistance, torment resistance 1, petrification resistance
a: Renounce Religion, Evoke Blink, Upheaval, Elemental Force, Disaster Area


You were on level 2 of the Lair of Beasts.
You worshipped Qazlal.
Qazlal was extremely pleased with you.
You visited 5 branches of the dungeon, and saw 20 of its levels.

You collected 2126 gold pieces.
You spent 1536 gold pieces at shops.

Inventory:

Hand Weapons
 b - the +1 morningstar "Ublau" (weapon) {speed, +Blink rPois Str+3 Dex-3}
   (You found it on level 1 of the Lair of Beasts)

   Attacks with this weapon are significantly faster.
   Str:       It affects your strength (+3).
   Dex:       It affects your dexterity (-3).
   rPois:     It protects you from poison.
   +Blink:    It lets you blink.
 f - a +1 whip of electrocution
Missiles
 D - 4 throwing nets (quivered)
Armour
 g - a +0 helmet (worn)
 m - a +1 pair of boots (worn)
 o - a +2 buckler
 v - a +0 plate armour (worn)
 z - a +0 kite shield (worn)
 I - a +0 pair of gloves (worn)
 O - a +2 cloak (worn)
Jewellery
 x - a ring of see invisible
 H - the ring of the Sun (right hand) {rPois rCorr Int-4 Slay+5 Stlth+}
   (You acquired it on level 2 of the Orcish Mines)

   [ring of resist corrosion]

   Int:       It affects your intelligence (-4).
   Slay:      It affects your accuracy & damage with ranged weapons and melee
   (+5).
   rPois:     It protects you from poison.
   rCorr:     It protects you from acid and corrosion.
   Stlth:     It makes you more stealthy.
 M - the ring of Dogma (left hand) {rPois rF+ Dex-3 SInv}
   (You found it on level 5 of the Lair of Beasts)

   [ring of protection from fire]

   Dex:       It affects your dexterity (-3).
   rF:        It protects you from fire.
   rPois:     It protects you from poison.
   SInv:      It lets you see invisible.
 P - an amulet of regeneration (around neck)
Wands
 h - a wand of charming (8)
Scrolls
 a - 3 scrolls of blinking
 n - 8 scrolls of teleportation
 r - 2 scrolls of immolation
 t - 4 scrolls of poison
 y - a scroll of identify
 A - 4 scrolls of magic mapping
 B - 2 scrolls of amnesia
 C - 3 scrolls of enchant weapon
 E - a scroll of enchant armour
 F - 3 scrolls of fear
 L - a scroll of brand weapon
 N - a scroll of butterflies
Potions
 c - 4 potions of haste
 d - 4 potions of might
 i - 5 potions of mutation
 j - 3 potions of ambrosia
 k - 6 potions of flight
 l - 5 potions of attraction
 p - 4 potions of brilliance
 q - 4 potions of curing
 u - 4 potions of lignification
 w - a potion of invisibility
 J - 3 potions of heal wounds
 K - a potion of magic


   Skills:
 - Level 11.0 Fighting
 - Level 12.1 Maces & Flails
 - Level 10.0 Armour
 * Level 7.9 Dodging
 - Level 9.1 Shields
 - Level 14.6 Invocations
 * Level 8.7 Evocations


You had 14 spell levels left.
You didn't know any spells.
Your spell library contained the following spells:

 Spells                   Type           Power      Damage    Failure   Level
 Apportation              Tloc           0%         N/A       100%        1
 Necrotise                Necr           0%         1d4       100%        1
 Summon Small Mammal      Summ           0%         N/A       100%        1
 Blink                    Tloc           0%         N/A       100%        2
 Ensorcelled Hibernation  Hex/Ice        0%         N/A       100%        2
 Passwall                 Tmut/Erth      0%         N/A       100%        2
 Static Discharge         Conj/Air       0%         3-3/arc   100%        2
 Confusing Touch          Hex            0%         N/A       100%        3
 Dazzling Flash           Conj/Hex       0%         N/A       100%        3
 Lesser Beckoning         Tloc           0%         N/A       100%        3
 Swiftness                Air            0%         N/A       100%        3
 Airstrike                Air            0%         2d(0-16)  100%        4
 Corpse Rot               Necr/Pois/Air  0%         N/A       100%        4
 Dispel Undead            Necr           0%         3d6       100%        4
 Leda's Liquefaction      Hex/Erth       0%         N/A       100%        4
 Petrify                  Tmut/Erth      0%         N/A       100%        4
 Sticky Flame             Conj/Fire      0%         2d3       100%        4
 Summon Lightning Spire   Summ/Air       0%         N/A       100%        4
 Agony                    Necr           0%         N/A       100%        5
 Fireball                 Conj/Fire      0%         3d3       100%        5
 Irradiate                Conj/Tmut      0%         3d11      100%        5
 Iskenderun's Battlesphe  Conj           0%         2d6       100%        5
 Lee's Rapid Deconstruct  Erth           0%         3d5*      100%        5
 Lightning Bolt           Conj/Air       0%         1d11      100%        5
 Manifold Assault         Tloc           0%         N/A       100%        5
 Silence                  Hex/Air        0%         N/A       100%        5
 Yara's Violent Unravell  Hex/Tmut       0%         3d3       100%        5
 Conjure Ball Lightning   Conj/Air       0%         3x3d6     100%        6
 Death Channel            Necr           0%         N/A       100%        6
 Iron Shot                Conj/Erth      0%         9d1       100%        6
 Enfeeble                 Hex            0%         N/A       100%        7
 Orb of Destruction       Conj           0%         9d5       100%        7
 Spellforged Servitor     Conj/Summ      0%         N/A       100%        7
 Maxwell's Capacitive Co  Air            0%         ∞         100%        8
 Sublimation of Blood     Necr           Unusable   N/A       N/A         2
 Statue Form              Tmut/Erth      Unusable   N/A       N/A         6

Dungeon Overview and Level Annotations

Branches:
Dungeon (11/15)            Temple (1/1) D:6            Lair (5/5) D:11
  Swamp (0/4) Lair:3       Spider (1/4) Lair:2        Slime (0/5) Lair:5
    Orc (2/2) D:10            Elf (0/3) Orc:2

Altars:
Ashenzari
Cheibriados
Dithmenos
Elyvilon
Fedhas
Gozag
Hepliaklqana
Kikubaaqudgha
Makhleb
Nemelex Xobeh
Okawaru
Qazlal
Ru
Sif Muna
Trog
Uskayaw
Vehumet
Wu Jian
Xom
Yredelemnul
Zin
The Shining One
Jiyva

Shops:
D:5 :   D:6 ?   D:8 [*   D:10 (   D:11 [   Orc:2 !(*:(=!**

Annotations:
D:11 3 runed translucent doors, SirDiesAlot's ghost, journeyman DEEE


Innate Abilities, Weirdness & Mutations

You are immune to sickness and miasma.
Your stone body is resilient. (AC +11)
You are immune to poison.
Your large and strong wings let you fly.
You resist negative energy. (rN+)
You are resistant to electric shocks. (rElec)
You are resistant to unholy torment.
You are immune to petrification.


Message History

The jumping spider bites you but does no damage.
You closely miss the jumping spider.
The jumping spider is almost dead.
You block the jumping spider's attack. x2; The jumping spider pounces on you.
You block the jumping spider's attack. The jumping spider pounces on you!!
The jumping spider bites you but does no damage.
The jumping spider barely misses you.
The jumping spider bites you but does no damage.
You barely miss the jumping spider.
The jumping spider is almost dead.
The jumping spider pounces on you but does no damage.
You block the jumping spider's attack. x2
The jumping spider barely misses you.
The jumping spider pounces on you but does no damage.
The jumping spider bites you.
As you read the scroll of teleportation, it crumbles to dust.
You feel strangely unstable. The jumping spider pounces on you.
The jumping spider closely misses you.
The jumping spider pounces on you but does no damage.
You block the jumping spider's attack. The jumping spider pounces on you!
* * * LOW HITPOINT WARNING * * *
You are caught in a web!
The jumping spider barely misses you.
The jumping spider pounces on you but does no damage.
The jumping spider bites you but does no damage.
The jumping spider pounces on you but does no damage.
The jumping spider bites you but does no damage.
You block the jumping spider's attack. x2
The jumping spider pounces on you but does no damage.
You block the jumping spider's attack. x2
The jumping spider bites you but does no damage.
The jumping spider pounces on you but does no damage.
You block the jumping spider's attack.
You hit the jumping spider.
The jumping spider is almost dead.
You block the jumping spider's attack. x2
The jumping spider closely misses you. The jumping spider bites you.
* * * LOW HITPOINT WARNING * * *
You block the jumping spider's attack. The jumping spider barely misses you.
The jumping spider pounces on you!!
You die...

##.####### #####........##
#.......##....# #.#########..##
##.###.#..###^.#
#...##.....^.^.##
#########.###+§≈≈.###..# ###
#..##.#.#.##s○°≈.^....^####.## #
#..........#^@.≈^^^.##.##..... ##
#..........##§s§.#..^.^##.....
.###..........##+≈≈≈^^##.###.....
###...........##........###......
###....(......##.^#####..##......
.##P...........######..^#.>......
........#.###.......#..#^.....###
.........## ####.#...........## #
........## ####...........###


You could see 2 jumping spiders.

Vanquished Creatures
  An orc warlord (Orc:1)
  Harold (D:11)
  2 hydras
  Erolcha (D:10)
  2 boulder beetles
  5 ogre magi (Orc:2)
  17 two-headed ogres
  A catoblepas (Lair:5)
  10 death yaks
  A deep troll shaman (Lair:5)
  An orc high priest (Orc:1)
  Nergalle (D:11)
  A deep elf knight (Orc:1)
  An orb spider (Lair:2)
  3 lindwurms (Lair:5)
  Pikel (D:5)
  A deep elf pyromancer (Orc:1)
  4 deep elf zephyrmancers (Orc:1)
  4 orc sorcerers (Orc:1)
  A torpor snail (Lair:1)
  3 black mambas
  Joseph (D:10)
  6 elephants
  11 cane toads
  3 rime drakes
  5 komodo dragons
  6 trolls
  A hornet (D:11)
  9 blink frogs
  3 polar bears
  2 vampires
  33 yaks
  3 shadows
  6 wyverns
  2 basilisks
  2 steam dragons (D:6)
  Grum (D:10)
  6 vampire mosquitoes
  3 wargs
  18 water moccasins
  15 orc warriors
  2 ice beasts
  A swamp drake (D:10)
  A sky beast (D:8)
  6 black bears
  35 ogres
  11 wolves
  6 centaurs
  2 lemures (D:4)
  A phantom (D:7)
  Blork the orc (D:5)
  7 kobold brigands
  14 bullfrogs
  2 gnoll sergeants
  A necrophage (D:7)
  4 scorpions
  9 wights
  12 killer bees
  A jelly (D:6)
  5 electric eels
  A crimson imp (D:4)
  10 orc priests
  4 hounds
  2 iguanas
  15 orc wizards
  7 hell rats (Lair:2)
  7 gnolls
  8 adders
  3 white imps
  5 dart slugs
  48 orcs
  13 bats
  6 endoplasms
  5 giant cockroaches
  5 goblins
  10 hobgoblins
  4 jackals (D:1)
  6 quokkas
  7 ball pythons
  4 frilled lizards
  29 kobolds
  11 rats
  A spectral hobgoblin (D:8)
530 creatures vanquished.

Vanquished Creatures (collateral kills)
  A two-headed ogre (Orc:2)
  A death yak (Lair:5)
  An ogre (Orc:2)
3 creatures vanquished.

Vanquished Creatures (others)
  A killer bee (D:9)
  An orc wizard (Orc:1)
  7 fungi
  24 plants
33 creatures vanquished.

Grand Total: 566 creatures vanquished

Notes
Turn   | Place    | Note
-------+----------+-------------------------------------------
     0 | D:1      | greasedhog the Gargoyle Fighter began the quest for the
                  | Orb.
     0 | D:1      | Reached XP level 1. HP: 14/14 MP: 1/1
   233 | D:1      | Reached XP level 2. HP: 18/19 MP: 2/2
   524 | D:1      | Found a faded altar of an unknown god.
   532 | D:1      | Reached XP level 3. HP: 24/24 MP: 3/3
  1351 | D:2      | Reached XP level 4. HP: 29/30 MP: 4/4
  2091 | D:3      | Reached XP level 5. HP: 34/34 MP: 5/5
  2196 | D:3      | Reached skill level 5 in Fighting
  2442 | D:3      | Found a shimmering altar of Xom.
  2856 | D:4      | Reached XP level 6. HP: 36/40 MP: 6/6
  2988 | D:4      | Found a burning altar of Makhleb.
  2988 | D:4      | Found a sacrificial altar of Ru.
  2989 | D:4      | Found a white marble altar of Elyvilon.
  3311 | D:4      | Found a glowing golden altar of the Shining One.
  3686 | D:5      | Entered Level 5 of the Dungeon
  3805 | D:5      | Noticed a black bear
  3819 | D:5      | Killed a black bear
  3820 | D:5      | Reached skill level 5 in Maces & Flails
  3851 | D:5      | Reached XP level 7. HP: 43/47 MP: 7/7
  4001 | D:5      | Noticed Blork the orc
  4017 | D:5      | Killed Blork the orc
  4591 | D:5      | Noticed Pikel
  4819 | D:5      | Killed Pikel
  4820 | D:5      | Reached XP level 8. HP: 50/54 MP: 8/8
  4847 | D:5      | Found Rugh's Book Shoppe.
  5599 | D:6      | Found a staircase to the Ecumenical Temple.
  5621 | Temple   | Entered the Ecumenical Temple
  5635 | Temple   | Became a worshipper of Qazlal Stormbringer
  6036 | D:6      | Reached XP level 9. HP: 60/60 MP: 9/9
  6388 | D:6      | Found Karifi's Magic Scroll Shoppe.
  6391 | D:6      | Bought a scroll of identify for 20 gold pieces
  6391 | D:6      | Bought a scroll of identify for 20 gold pieces
  6391 | D:6      | Bought a scroll of identify for 20 gold pieces
  6391 | D:6      | Bought a scroll of identify for 20 gold pieces
  6391 | D:6      | Bought a scroll of teleportation for 30 gold pieces
  6391 | D:6      | Bought a scroll of identify for 20 gold pieces
  6905 | D:7      | Reached skill level 10 in Fighting
  7475 | D:7      | Reached * piety under Qazlal
  7498 | D:7      | Reached skill level 1 in Invocations
  7502 | D:7      | Reached skill level 10 in Maces & Flails
  7502 | D:7      | Reached XP level 10. HP: 41/69 MP: 9/11
  7939 | D:8      | Found a bloodstained altar of Trog.
  8102 | D:8      | Found Luet Apyz's General Store.
  8109 | D:8      | Identified the +2 robe of the Usurping Gods {-Tele Rampage
                  | rF+}
  8111 | D:8      | Bought a scroll of immolation for 48 gold pieces
  8111 | D:8      | Bought a scroll of identify for 24 gold pieces
  8273 | D:8      | Found Xeip's Armour Boutique.
  8286 | D:8      | Reached skill level 2 in Invocations
  8456 | D:8      | Reached skill level 3 in Invocations
  8687 | D:8      | Found a hazy altar of Hepliaklqana.
  9285 | D:9      | Reached skill level 4 in Invocations
  9461 | D:9      | Reached skill level 5 in Invocations
  9483 | D:9      | Reached ** piety under Qazlal
  9856 | D:9      | Identified the +1 chain mail of Intercession {rElec Stlth+}
 10122 | D:10     | Entered Level 10 of the Dungeon
 10137 | D:10     | Found Senaf's Weapon Shoppe.
 10158 | D:10     | Noticed Grum
 10189 | D:10     | Killed Grum
 10190 | D:10     | Reached skill level 6 in Invocations
 10566 | D:10     | Found a staircase to the Orcish Mines.
 10735 | D:10     | Reached skill level 7 in Invocations
 10735 | D:10     | Reached XP level 11. HP: 74/74 MP: 16/16
 10777 | D:10     | Noticed Joseph
 10786 | D:10     | Killed Joseph
 11283 | D:10     | Noticed Erolcha
 11302 | D:10     | Killed Erolcha
 11303 | D:10     | Reached skill level 8 in Invocations
 11589 | D:11     | Reached *** piety under Qazlal
 11665 | D:11     | Noticed SirDiesAlot's ghost (journeyman DEEE)
 11666 | D:11     | Noticed a minotaur
 11689 | D:11     | Noticed a boulder beetle
 11692 | D:11     | Found Piluigeo's Antique Armour Shop.
 11723 | D:11     | Killed a boulder beetle
 11845 | D:11     | Found a staircase to the Lair.
 11880 | D:11     | Reached skill level 5 in Armour
 12041 | D:11     | Noticed Nergalle
 12061 | D:11     | Killed Nergalle
 12062 | D:11     | Reached skill level 9 in Invocations
 12625 | D:11     | Found a runed translucent gate.
 12625 | D:11     | Found a runed translucent gate.
 12625 | D:11     | Found a runed translucent gate.
 12637 | D:11     | Noticed Harold
 12653 | D:11     | Killed Harold
 12654 | D:11     | Reached skill level 10 in Invocations
 12715 | D:11     | Reached XP level 12. HP: 80/80 MP: 19/19
 12809 | Lair:1   | Entered Level 1 of the Lair of Beasts
 12809 | Lair:1   | Found a frozen archway.
 13236 | Lair:1   | Noticed an eight-headed hydra
 13254 | Lair:1   | Noticed a boulder beetle
 13264 | Lair:1   | Reached skill level 11 in Invocations
 13274 | Lair:1   | Killed an eight-headed hydra
 13287 | Lair:1   | Killed a boulder beetle
 13558 | Lair:1   | Identified the +1 morningstar "Ublau" {speed, +Blink rPois
                  | Str+3 Dex-3}
 13667 | Lair:1   | Noticed a death yak
 13680 | Lair:1   | Killed a death yak
 14568 | Lair:2   | Reached skill level 12 in Invocations
 14592 | Lair:2   | Reached skill level 10 in Armour
 14642 | Lair:2   | Found a hole to the Spider Nest.
 15100 | Lair:2   | Reached skill level 5 in Shields
 15241 | Lair:2   | Noticed a seven-headed hydra
 15249 | Lair:2   | Killed a seven-headed hydra
 15250 | Lair:2   | Reached XP level 13. HP: 74/84 MP: 22/22
 15856 | Lair:3   | Reached **** piety under Qazlal
 15857 | Lair:3   | Reached skill level 13 in Invocations
 16214 | Lair:3   | Found a staircase to the Swamp.
 17130 | Lair:4   | Reached skill level 14 in Invocations
 17914 | Lair:4   | Found a shimmering altar of Xom.
 18726 | Lair:5   | Entered Level 5 of the Lair of Beasts
 19038 | Lair:5   | Reached skill level 1 in Dodging
 19038 | Lair:5   | Reached skill level 1 in Evocations
 19115 | Lair:5   | Reached ***** piety under Qazlal
 19573 | Lair:5   | Gained mutation: Your large and strong wings let you fly.
                  | [Gargoyle growth]
 19573 | Lair:5   | Reached XP level 14. HP: 37/90 MP: 24/24
 20109 | Lair:5   | Identified the ring of Dogma {rPois rF+ Dex-3 SInv}
 20342 | Lair:5   | Found a staircase to the Slime Pits.
 20342 | Lair:5   | Found a viscous altar of Jiyva.
 20760 | Orc:1    | Entered Level 1 of the Orcish Mines
 21058 | Orc:1    | Paralysed by an orc sorcerer for 3 turns
 21071 | Orc:1    | Reached skill level 5 in Evocations
 21275 | Orc:1    | Reached skill level 5 in Dodging
 21642 | Orc:1    | Noticed an orc warlord
 21671 | Orc:1    | Killed an orc warlord
 22229 | Orc:2    | Entered Level 2 of the Orcish Mines
 22801 | Orc:2    | Found Ilylluet's General Store.
 23451 | Orc:2    | Reached XP level 15. HP: 58/94 MP: 25/25
 23501 | Orc:2    | Found a staircase to the Elven Halls.
 23808 | Orc:2    | Bought a scroll of identify for 32 gold pieces
 23808 | Orc:2    | Bought a potion of curing for 48 gold pieces
 23854 | Orc:2    | Found Omigh's General Store.
 23863 | Orc:2    | Found Naluvif's Book Emporium.
 23864 | Orc:2    | Found Sacumoery's Distillery.
 23866 | Orc:2    | Bought a scroll of acquirement for 572 gold pieces
 23866 | Orc:2    | Bought a scroll of identify for 22 gold pieces
 23872 | Orc:2    | Bought a potion of ambrosia for 112 gold pieces
 23872 | Orc:2    | Bought a potion of haste for 140 gold pieces
 23872 | Orc:2    | Bought a potion of might for 56 gold pieces
 23872 | Orc:2    | Acquired the ring of the Sun {rPois rCorr Int-4 Slay+5
                  | Stlth+}
 24065 | Orc:2    | Found Nidaodevve's Antique Weapon Boutique.
 24132 | Orc:2    | Found Viutuco's General Store.
 24132 | Orc:2    | Found Voom's Distillery.
 24133 | Orc:2    | Found Winupp's Jewellery Shop.
 24133 | Orc:2    | Found Jocrut's Antique Weapon Emporium.
 24141 | Orc:2    | Bought a potion of brilliance for 52 gold pieces
 24143 | Orc:2    | Bought an amulet of regeneration for 300 gold pieces
 24596 | Spider:1 | Entered Level 1 of the Spider Nest
 24621 | Lair:2   | Slain by a jumping spider

Illustrated notes

Levels and vault maps discovered:
D:1:      minmay_arrival_arboretum_small, layout_loops_ring,
          dreamdust_ecumenical_altar_angels_and_demons,
          chequers_serial_rivers_micro_d, minmay_misc_feat_tower
D:2:      minmay_spotlight, layout_rooms
D:3:      layout_rooms, mainiacjoe_overflow_six_doors_small, serial_bayou_pond_e
D:4:      layout_basic, nicolae_overflow_quartered_altars,
          minmay_fire_ice_demons
D:5:      layout_gridville, serial_shops, shop, uniq_blork_the_orc, uniq_pikel
D:6:      layout_basic, minmay_temple_entry_antechambers, serial_shops,
          kennysheep_mini_moat, interstate_on_off
D:7:      layout_cave_pools, chequers_serial_rivers_marsh, grunt_ministairs_12,
          chequers_serial_rivers_small_3
D:8:      layout_layer_cave, nicolae_hepliaklqana_monster_ancestors,
          mainiacjoe_overflow_brackets, serial_shops, nicolae_stop_n_shop_2,
          chequers_garden, kennysheep_windowed_goal
D:9:      layout_grid_maze, serial_park_tiny_2
D:10:     layout_irregular_city, erik_orc_1, serial_glass, glass_columns_b,
          glass_columns_a, glass_columns_a, glass_columns_c, glass_columns_a,
          serial_shops, nicolae_shop_statue_plus, uniq_joseph, uniq_grum,
          uniq_erolcha
D:11:     layout_big_octagon, lair_entry_dummy, maelrawn_ghost_gauntlet_escape,
          serial_shops, shop, moated_statue, nicolae_titane, uniq_nergalle,
          uniq_harold
Temple:   minmay_freezing_vapour_temple
Lair:1:   layout_gridlike, portal_ice_cave_entry_pillars_1, serial_bayou_lake_a
Lair:2:   layout_cellular_growth, nicolae_spider_entry_orb_guardian
Lair:3:   layout_hall_layers, minmay_swamp_entry_swarm,
          chequers_serial_rivers_small_3, infiniplex_staircase_pool_2,
          grunt_megastairs_3
Lair:4:   layout_loops_ring, st_stairs_12, lemuel_centaur_altar,
          infiniplex_staircase_pool, grunt_megastairs_1
Lair:5:   grunt_lair_end_beastmaster, layout_gridlike, slime_entry_1,
          minivault_24
Spider:1: layout_spider_delve, hellmonk_ghost_happy_afterlife,
          nicolae_spider_scorpion_nest
Orc:1:    layout_caves, elf_legates
Orc:2:    st_orc_ogre_mass, layout_caves, serial_shops,
          nicolae_shop_temple_entry_statues_fountains,
          nicolae_shop_behind_doors, nicolae_shop_behind_doors,
          nicolae_shop_temple_entry_statues_fountains, nicolae_shop_waterfront,
          mines4_lemuel

Skill      XL: |  1  2  3  4  5  6  7  8  9 10 11 12 13 14 |
---------------+-------------------------------------------+-----
Fighting       | 4 5 6 8 9 11 | 11.0
Maces & Flails | 3 4 5 7 8 10 11 12 | 12.1
Invocations    | 1 7 10 12 14 | 14.6
Armour         | 7 10 | 10.0
Shields        | 5 9 |  9.1
Dodging        | 3 7 |  7.9
Evocations     | 3 8 |  8.7

Action                   |  1- 3 |  4- 6 |  7- 9 | 10-12 | 13-15 || total
-------------------------+-------+-------+-------+-------+-------++-------
Melee: Flail             |   171 |   227 |    75 |       |       ||   473
       Whip              |       |       |   247 |   687 |       ||   934
       Morningstar       |       |       |       |   163 |   856 ||  1019
Throw: Throwing net      |       |       |       |     1 |       ||     1
Invok: Upheaval          |       |       |       |     7 |     5 ||    12
       Elemental Force   |       |       |       |     1 |     2 ||     3
       Disaster Area     |       |       |       |       |     1 ||     1
Evoke: Wand              |       |       |       |     4 |     9 ||    13
  Use: Scroll            |     1 |     3 |     3 |     7 |     9 ||    23
       Potion            |       |       |     1 |     4 |     1 ||     6
 Stab: Held in net/web   |       |       |       |     2 |       ||     2
       Paralysed         |       |       |       |       |     3 ||     3
Armor: Scale mail        |    25 |       |       |       |       ||    25
       Chain mail        |   112 |   153 |    15 |       |       ||   280
       Plate armour      |       |       |   168 |   367 |   383 ||   918
Dodge: Dodged            |   123 |   127 |   114 |   208 |   302 ||   874
       Repelled          |       |       |       |       |     6 ||     6
Block: Buckler           |    34 |    71 |   115 |   316 |   332 ||   868
       Kite shield       |       |       |       |       |   182 ||   182

Table legend: (Time is in decaauts)
 A = Elapsed time spent in this place.
 B = Non-inter-level travel time spent in this place.
 C = Inter-level travel time spent in this place.
 D = Time resting spent in this place.
 E = Time spent auto-exploring this place.
 F = Levels seen in this place.
 G = Mean time per level.
                   A        B        C        D        E       F      G
               +--------+--------+--------+--------+--------+-----+--------+
         Total |  24105 |  22427 |   1678 |   3753 |  14974 |  20 | 1205.2 |
       Dungeon |  13480 |  12451 |   1029 |    877 |   9413 |  11 | 1225.5 |
        Temple |     19 |     19 |      0 |      0 |     10 |   1 |   19.0 |
          Lair |   7468 |   6911 |    557 |   1443 |   4509 |   5 | 1493.6 |
   Spider Nest |     16 |     16 |      0 |      0 |      1 |   1 |   16.0 |
  Orcish Mines |   3120 |   3030 |     90 |   1433 |   1041 |   2 | 1560.0 |
               +--------+--------+--------+--------+--------+-----+--------+

Top non-repeatable levels by time:
   Orc:1: 2186 daAuts
  Lair:1: 1921 daAuts
     D:6: 1845 daAuts
  Lair:5: 1781 daAuts
    D:10: 1757 daAuts
     D:9: 1414 daAuts
    D:11: 1314 daAuts
  Lair:3: 1305 daAuts
  Lair:2: 1300 daAuts
     D:1: 1204 daAuts
  Lair:4: 1158 daAuts
     D:4: 1140 daAuts
     D:7: 1099 daAuts
     D:5: 1073 daAuts
     D:8: 977 daAuts
